 Dungeon Sprint DCSS version 0.31-a0-370-g25055926c8 (webtiles) character file.

Game seed: 7710811127313677735

270 Conn the Arsonist (level 6, -4/38 HPs)
             Began as an Octopode Fire Elementalist on July 29, 2023.
             Was a Follower of Sif Muna.
             Slain by a spriggan
             ... wielding a +0 short sword
              (16 damage)
             ... in the Dungeon (Sprint IV: "Fedhas' Mad Dash").
             The game lasted 00:02:40 (473 turns).

Conn the Arsonist (Octopode Fire Elementalist)       Turns: 473, Time: 00:02:40

Health: -4/38      AC:  1    Str:  8    XL:     6   Next: 22%
Magic:  2/15       EV: 14    Int: 19    God:    Sif Muna [*.....]
Gold:   50         SH:  0    Dex: 12    Spells: 7/17 levels left

rFire   . .          .
                       - Unarmed
rCold   . . .        (no shield)
rNeg    . . .        (helmet restricted)
rPois   .            b - amulet of invisibility {+Inv}
rElec   .            (no ring)
rCorr   .            (no ring)
SInv    .            (no ring)
Will    .....        (no ring)
Stlth   ++++         (no ring)
HPRegen 0.26/turn    (no ring)
MPRegen 0.14/turn    (no ring)
                     (no ring)

%: no teleportation
@: very slightly contaminated, invisible
A: almost no armour, amphibious, 8 rings, camouflage 1, gelatinous body 1,
(nimble swimmer 1), tentacles
a: Renounce Religion, Evoke Invisibility, Channel Magic


You were in the Dungeon.
You worshipped Sif Muna.
Sif Muna was aware of your devotion.
You visited 1 branch You collected 50 gold pieces.

Inventory:

Jewellery
 b - the amulet of invisibility (around mantle) {+Inv}
   (You found it in the Dungeon)

   [amulet of nothing]

   +Inv:      It lets you turn invisible.
Scrolls
 f - a scroll of blinking
Potions
 a - 2 potions of magic
 c - a potion of heal wounds
 d - a potion of haste
 e - a potion of lignification {unknown}


   Skills:
 + Level 1.4 Fighting
 + Level 4.1 Dodging
 + Level 4.9 Stealth
 + Level 1.1 Unarmed Combat
 + Level 6.4 Spellcasting
 + Level 2.5 Conjurations
 + Level 8.6 Fire Magic
 + Level 3.6 Evocations


You had 7 spell levels left.
You knew the following spells:

 Your Spells              Type           Power      Damage    Failure   Level
a - Foxfire               Conj/Fire      100%       2x1d9     1%          1
b - Scorch                Fire           76%        2d8       1%          2
c - Inner Flame           Hex/Fire       22%        N/A       5%          3
d - Flame Wave            Conj/Fire      27%        2d9       11%         4

Your spell library contained the following spells:

 Spells                   Type           Power      Damage    Failure   Level
 Volatile Blastmotes      Fire/Tloc      44%        2d13      5%          3


Dungeon Overview and Level Annotations

Branches:
Dungeon (1/1)

Altars:
Cheibriados
Dithmenos
Elyvilon
Gozag
Hepliaklqana
Kikubaaqudgha
Makhleb
Nemelex Xobeh
Okawaru
Qazlal
Ru
Sif Muna
Trog
Uskayaw
Vehumet
Wu Jian
Xom
Yredelemnul
Zin
The Shining One
Jiyva
Lugonu


Innate Abilities, Weirdness & Mutations

You cannot wear most types of armour.
You are amphibious.
You can wear up to eight rings at the same time.
Your skin changes colour to match your surroundings (Stealth+).
Your rubbery body absorbs attacks. (AC +1, EV +1)
((You are camouflaged when in or above water. (Stealth+)))
You have tentacles for arms and can constrict up to eight enemies at once.


Message History

Unknown command.
Unknown command.
Casting: Scorch (safe; 1% risk of failure)
Confirm with . or Enter, or press ? or * to list all spells.
The spell is quite dangerous to miscast (14% risk of failure)!
Continue anyway?
Casting: Flame Wave (quite dangerous; 14% risk of failure)
Press: ? - help, Dir - look around, f - activate A wave of flame ripples out! (Press . to intensify the flame waves.)
The spriggan shouts!
A scorpion comes into view.
Unknown command.
A wave of flame ripples out!
The flame wave engulfs the scorpion.
The scorpion is moderately wounded.
Unknown command.
A wave of flame ripples out!
The flame wave engulfs the scorpion.
The scorpion is heavily wounded.
The flame wave engulfs the spriggan!
You kill the spriggan!
Sif Muna accepts your kill.
You can now call upon Sif Muna for magical energy.
You finish channelling waves of flame.
The scorpion stings you!
Unknown command.
Casting: Flame Wave (quite dangerous; 13% risk of failure)
Confirm with . or Enter, or press ? or * to list all spells.
The spell is quite dangerous to miscast (13% risk of failure)!
Continue anyway?
Casting: Flame Wave (quite dangerous; 13% risk of failure)
Press: ? - help, Dir - look around, f - activate A wave of flame ripples out!
The flame wave engulfs the scorpion!
You kill the scorpion!
Sif Muna accepts your kill. (Press . to intensify the flame waves.)
The spriggan hits you with a +0 short sword!
Your Spellcasting skill increases to level 6!
Your Evocations skill increases to level 3!
You have reached level 6!
A wave of flame ripples out!
The flame wave engulfs the spriggan!
The spriggan is almost dead.
The spriggan hits you with a +0 short sword!
You die...

######################
#.⌠._._._._.⌠.#.[i)..#
'.._._._._._..'.@#
#..._._._._...#..#
#.._._._._._..#..#
#._._._._._.⌠.####
###############


You could see a spriggan.

Vanquished Creatures
  2 scorpions (D)
  3 oklob saplings (D)
  A spriggan (D)
  A river rat (D)
  A rat (D)
8 creatures vanquished.

Vanquished Creatures (others)
  24 foxfires (D)
24 creatures vanquished.

Grand Total: 32 creatures vanquished

Notes
Turn   | Place    | Note
-------+----------+-------------------------------------------
     0 | D        | Conn the Octopode Fire Elementalist began the quest for the
                  | Orb.
     0 | D        | Reached XP level 1. HP: 11/11 MP: 3/3
    15 | D        | Reached skill level 4 in Fire Magic
    15 | D        | Reached XP level 2. HP: 17/17 MP: 0/5
    51 | D        | Noticed an oklob sapling
    54 | D        | Noticed a scorpion
    54 | D        | Found the amulet of invisibility {+Inv}
    61 | D        | Learned a level 2 spell: Scorch
    66 | D        | Killed a scorpion
    67 | D        | Reached skill level 6 in Fire Magic
    67 | D        | Reached XP level 3. HP: 15/22 MP: 1/8
    67 | D        | Reached XP level 4. HP: 18/27 MP: 1/9
   179 | D        | Found an opulent altar of Gozag.
   179 | D        | Found a hazy altar of Hepliaklqana.
   179 | D        | Found a burning altar of Makhleb.
   179 | D        | Found a sparkling altar of Nemelex Xobeh.
   179 | D        | Found a snail-covered altar of Cheibriados.
   179 | D        | Found a sacrificial altar of Ru.
   179 | D        | Found a shimmering blue altar of Sif Muna.
   179 | D        | Found a shimmering altar of Xom.
   179 | D        | Found a basalt altar of Yredelemnul.
   180 | D        | Found a viscous altar of Jiyva.
   180 | D        | Found a bloodstained altar of Trog.
   180 | D        | Found an ornate altar of the Wu Jian Council.
   180 | D        | Noticed an oklob sapling priest
   181 | D        | Found an iron altar of Okawaru.
   181 | D        | Found a glowing silver altar of Zin.
   181 | D        | Found a shadowy altar of Dithmenos.
   182 | D        | Found a hide-covered altar of Uskayaw.
   182 | D        | Found an ancient bone altar of Kikubaaqudgha.
   183 | D        | Found a glowing golden altar of the Shining One.
   183 | D        | Found a stormy altar of Qazlal.
   183 | D        | Found a white marble altar of Elyvilon.
   184 | D        | Found a radiant altar of Vehumet.
   184 | D        | Found a corrupted altar of Lugonu.
   186 | D        | Became a worshipper of Sif Muna the Loreminder
   193 | D        | Killed an oklob sapling priest
   194 | D        | Reached skill level 1 in Fighting
   194 | D        | Reached skill level 1 in Unarmed Combat
   194 | D        | Reached skill level 7 in Fire Magic
   194 | D        | Reached skill level 1 in Evocations
   194 | D        | Reached XP level 5. HP: 33/33 MP: 0/12
   284 | D        | Learned a level 3 spell: Inner Flame
   289 | D        | Learned a level 4 spell: Flame Wave
   400 | D        | Reached skill level 5 in Spellcasting
   400 | D        | Reached skill level 8 in Fire Magic
   471 | D        | Reached * piety under Sif Muna
   473 | D        | Reached XP level 6. HP: 12/38 MP: 3/15
   473 | D        | Slain by a spriggan

Illustrated notes

Levels and vault maps discovered:
D:        dungeon_sprint_fedhas [sprint_temple]

Skill      XL: |  1  2  3  4  5 |
---------------+----------------+-----
Stealth        | 3 4 |  4.9
Fire Magic     | 4 6 7 8 |  8.6
Dodging        | 3 4 |  4.1
Spellcasting   | 3 4 6 |  6.4
Fighting       | 1 |  1.4
Unarmed Combat | 1 |  1.1
Conjurations   | 2 |  2.5
Evocations     | 1 3 |  3.6

Action                     |  1- 3 |  4- 6 || total
---------------------------+-------+-------++-------
  Melee: Unarmed           |     7 |       ||     7
         Constrict         |     1 |       ||     1
   Cast: Foxfire           |     3 |     9 ||    12
         Scorch            |     3 |    13 ||    16
         Flame Wave        |       |     2 ||     2
Ability: Evoke Invisibilit |       |     5 ||     5
    Use: Potion            |     3 |       ||     3
  Dodge: Dodged            |    14 |       ||    14

Table legend: (Time is in decaauts)
 A = Elapsed time spent in this place.
 B = Non-inter-level travel time spent in this place.
 C = Inter-level travel time spent in this place.
 D = Time resting spent in this place.
 E = Time spent auto-exploring this place.
 F = Levels seen in this place.
 G = Mean time per level.
                   A        B        C        D        E       F      G
               +--------+--------+--------+--------+--------+-----+--------+
         Total |    479 |    479 |      0 |    330 |      0 |   1 |  479.0 |
       Dungeon |    479 |    479 |      0 |    330 |      0 |   1 |  479.0 |
               +--------+--------+--------+--------+--------+-----+--------+

Top non-repeatable levels by time:
       D: 479 daAuts
